[ AOE2 MATCH · #507858395 ]
UnrankedSicilians vs Malians
Player's team · LOSS
Rival team · WIN
[ REPLAY ANALYSIS · EXTRACTED FROM THE RECORDED GAME ]
Feudal
10:51
Castle
23:31
Imperial
—
| APM avg | 52.4 |
| APM peak | 94 |
| eAPM avg | 34.1 |
| Villagers / military | 144 / 144 |
Focus
⚔️ 47.4% · 🌾 52.6%
Spearman ×64 · Archer ×39 · Knight ×31 · Monk ×4 · Petard ×3 · Militia ×3
Feudal
10:15
Castle
20:26
Imperial
42:38
| APM avg | 45.2 |
| APM peak | 85 |
| eAPM avg | 20.5 |
| Villagers / military | 95 / 109 |
Focus
⚔️ 36.1% · 🌾 63.9%
Knight ×46 · Gbeto ×26 · Camel Scout ×11 · Skirmisher ×9 · Militia ×8 · Monk ×5
Match map
Initial resources + every placement click. Lines = walls · curves = elevation contours. ◆ gold · ⬟ stone · ● berries · ✦ relic · ◌ wall gap
Your base· ✓ Closed at 23:31 · 39t walls · 2 gate(s)
Old Took's base· Open — unwalled flank
Smoothed initial terrain · ◌ = detected wall gap · hover for details
Inputs per minute
— J40 | Kylian dictador - - Old Took
Build order — J40 | Kylian dictador
First 150 of 452 actions detected
| 0:01 | Queue | Villager (Male) |
| 0:01 | Queue | Villager (Male) |
| 0:01 | Queue | Villager (Male) |
| 0:02 | Build | House |
| 0:03 | Build | House |
| 0:34 | Queue | Villager (Male) |
| 0:34 | Queue | Villager (Male) |
| 1:24 | Queue | Villager (Male) |
| 1:24 | Queue | Villager (Male) |
| 1:39 | Build | Lumber Camp |
| 2:01 | Queue | Villager (Male) |
| 2:28 | Queue | Villager (Male) |
| 2:28 | Queue | Villager (Male) |
| 2:51 | Queue | Villager (Male) |
| 2:51 | Queue | Villager (Male) |
| 3:13 | Queue | Villager (Male) |
| 3:31 | Queue | Villager (Male) |
| 3:31 | Queue | Villager (Male) |
| 3:51 | Build | House |
| 3:58 | Queue | Villager (Male) |
| 3:59 | Queue | Villager (Male) |
| 4:28 | Queue | Villager (Male) |
| 4:28 | Queue | Villager (Male) |
| 4:28 | Queue | Villager (Male) |
| 4:37 | Build | Barracks |
| 5:11 | Build | House |
| 5:20 | Queue | Villager (Male) |
| 5:28 | Queue | Militia |
| 5:39 | Queue | Militia |
| 5:43 | Build | House |
| 5:48 | Queue | Villager (Male) |
| 5:51 | Queue | Militia |
| 6:07 | Queue | Villager (Male) |
| 6:44 | Queue | Villager (Male) |
| 6:57 | Build | Mill |
| 7:03 | Queue | Villager (Male) |
| 7:22 | Research | Loom |
| 8:16 | Queue | Villager (Male) |
| 8:36 | Research | Feudal Age |
| 8:46 | Build | Lumber Camp |
| 9:14 | Build | Mining Camp |
| 9:18 | Queue | Villager (Male) |
| 9:48 | Queue | Villager (Male) |
| 10:51 | Age | Feudal Age |
| 10:52 | Build | Archery Range |
| 10:55 | Build | Archery Range |
| 10:57 | Queue | Villager (Male) |
| 11:16 | Build | Blacksmith |
| 11:19 | Queue | Villager (Male) |
| 11:26 | Research | Double-Bit Axe |
| 11:27 | Research | Horse Collar |
| 11:38 | Build | House |
| 11:38 | Build | House |
| 11:50 | Build | Palisade Wall |
| 11:52 | Build | Palisade Wall |
| 11:54 | Build | Palisade Wall |
| 12:02 | Queue | Villager (Male) |
| 12:02 | Queue | Villager (Male) |
| 12:12 | Queue | Archer |
| 12:12 | Queue | Archer |
| 12:17 | Build | House |
| 12:19 | Build | Palisade Wall |
| 12:21 | Build | Palisade Wall |
| 12:26 | Build | House |
| 12:29 | Build | Palisade Wall |
| 12:33 | Build | Palisade Wall |
| 12:38 | Queue | Archer |
| 12:43 | Queue | Villager (Male) |
| 12:53 | Build | Farm |
| 12:54 | Build | Farm |
| 12:56 | Build | Farm |
| 12:59 | Queue | Archer |
| 12:59 | Queue | Archer |
| 13:06 | Queue | Villager (Male) |
| 13:06 | Queue | Villager (Male) |
| 13:08 | Build | Farm |
| 13:17 | Queue | Archer |
| 13:31 | Build | Palisade Wall |
| 13:32 | Build | Palisade Wall |
| 13:34 | Build | Palisade Wall |
| 13:37 | Build | Palisade Wall |
| 13:38 | Build | Palisade Wall |
| 13:40 | Build | Palisade Wall |
| 13:43 | Build | Palisade Gate |
| 13:45 | Build | House |
| 13:50 | Queue | Archer |
| 13:52 | Queue | Villager (Male) |
| 13:52 | Queue | Villager (Male) |
| 14:10 | Queue | Villager (Male) |
| 14:20 | Queue | Villager (Male) |
| 14:20 | Queue | Villager (Male) |
| 14:22 | Queue | Archer |
| 14:22 | Queue | Archer |
| 14:35 | Queue | Archer |
| 14:47 | Queue | Villager (Male) |
| 14:49 | Build | Farm |
| 14:50 | Build | Farm |
| 14:51 | Build | Farm |
| 14:52 | Queue | Archer |
| 15:16 | Queue | Archer |
| 15:29 | Queue | Archer |
| 15:32 | Build | Farm |
| 15:33 | Build | Farm |
| 15:34 | Queue | Villager (Male) |
| 15:37 | Queue | Villager (Male) |
| 15:45 | Queue | Villager (Male) |
| 15:58 | Queue | Archer |
| 15:58 | Queue | Archer |
| 16:03 | Build | House |
| 16:07 | Research | Town Watch |
| 16:14 | Queue | Villager (Male) |
| 16:14 | Queue | Villager (Male) |
| 16:26 | Queue | Villager (Male) |
| 16:34 | Queue | Archer |
| 16:35 | Queue | Villager (Male) |
| 16:38 | Build | House |
| 16:40 | Build | Palisade Wall |
| 16:41 | Build | Palisade Wall |
| 16:43 | Build | Palisade Wall |
| 16:44 | Queue | Archer |
| 16:52 | Build | House |
| 16:54 | Build | Palisade Wall |
| 16:57 | Build | Palisade Wall |
| 17:00 | Queue | Archer |
| 17:02 | Queue | Archer |
| 17:10 | Build | Farm |
| 17:21 | Build | Farm |
| 17:28 | Queue | Archer |
| 17:30 | Queue | Villager (Male) |
| 17:33 | Build | Palisade Gate |
| 17:37 | Build | House |
| 17:39 | Build | Palisade Wall |
| 17:43 | Build | Palisade Wall |
| 17:54 | Queue | Archer |
| 17:57 | Queue | Villager (Male) |
| 17:57 | Queue | Archer |
| 17:58 | Queue | Archer |
| 18:10 | Build | Farm |
| 18:18 | Queue | Villager (Male) |
| 18:46 | Queue | Archer |
| 18:55 | Build | Farm |
| 18:56 | Build | Farm |
| 18:57 | Build | Farm |
| 19:02 | Queue | Villager (Male) |
| 19:06 | Build | Farm |
| 19:07 | Build | Farm |
| 19:14 | Queue | Archer |
| 19:15 | Queue | Archer |
| 19:21 | Build | Lumber Camp |
| 19:37 | Queue | Villager (Male) |
Build order — Old Took
First 150 of 335 actions detected
| 0:00 | Queue | Villager (Male) |
| 0:01 | Build | House |
| 0:03 | Build | House |
| 0:27 | Queue | Villager (Male) |
| 0:30 | Queue | Villager (Male) |
| 0:32 | Queue | Villager (Male) |
| 1:36 | Queue | Villager (Male) |
| 1:59 | Queue | Villager (Male) |
| 2:22 | Queue | Villager (Male) |
| 2:29 | Build | Lumber Camp |
| 2:45 | Queue | Villager (Male) |
| 2:54 | Queue | Villager (Male) |
| 3:48 | Queue | Villager (Male) |
| 3:56 | Build | House |
| 3:58 | Queue | Villager (Male) |
| 4:16 | Queue | Villager (Male) |
| 4:22 | Queue | Villager (Male) |
| 5:11 | Build | Barracks |
| 5:26 | Research | Loom |
| 5:28 | Queue | Villager (Male) |
| 5:43 | Queue | Villager (Male) |
| 5:44 | Queue | Villager (Male) |
| 6:13 | Queue | Villager (Male) |
| 6:15 | Queue | Militia |
| 6:16 | Queue | Militia |
| 6:18 | Build | House |
| 7:00 | Build | Mining Camp |
| 7:08 | Queue | Villager (Male) |
| 8:05 | Research | Feudal Age |
| 8:28 | Build | Mill |
| 8:55 | Build | Palisade Wall |
| 8:58 | Queue | Militia |
| 9:22 | Build | Farm |
| 9:57 | Queue | Villager (Male) |
| 10:02 | Queue | Militia |
| 10:04 | Build | Farm |
| 10:05 | Build | Farm |
| 10:08 | Build | Farm |
| 10:10 | Build | Farm |
| 10:14 | Build | House |
| 10:15 | Age | Feudal Age |
| 10:17 | Queue | Villager (Male) |
| 10:27 | Research | Man-at-Arms (upgrade) |
| 10:39 | Build | Farm |
| 10:46 | Queue | Villager (Male) |
| 10:48 | Build | House |
| 10:49 | Build | Palisade Wall |
| 11:03 | Queue | Militia |
| 11:18 | Queue | Militia |
| 11:34 | Queue | Villager (Male) |
| 11:36 | Build | Farm |
| 11:41 | Queue | Villager (Male) |
| 12:08 | Queue | Villager (Male) |
| 12:27 | Build | Archery Range |
| 12:31 | Build | Farm |
| 12:32 | Queue | Villager (Male) |
| 13:11 | Build | House |
| 14:13 | Queue | Villager (Male) |
| 14:15 | Queue | Skirmisher |
| 14:16 | Build | House |
| 14:18 | Build | Blacksmith |
| 14:21 | Build | Farm |
| 14:24 | Build | Farm |
| 14:37 | Queue | Villager (Male) |
| 14:41 | Build | Farm |
| 14:42 | Queue | Villager (Male) |
| 15:02 | Build | House |
| 15:04 | Build | Farm |
| 15:05 | Build | Farm |
| 15:06 | Queue | Villager (Male) |
| 15:30 | Queue | Villager (Male) |
| 15:31 | Queue | Skirmisher |
| 15:33 | Research | Padded Archer Armor |
| 15:34 | Research | Fletching |
| 15:40 | Build | Farm |
| 15:59 | Queue | Villager (Male) |
| 16:10 | Queue | Skirmisher |
| 16:18 | Queue | Skirmisher |
| 16:34 | Build | Farm |
| 16:36 | Queue | Skirmisher |
| 16:49 | Queue | Skirmisher |
| 16:59 | Build | House |
| 17:10 | Queue | Villager (Male) |
| 17:14 | Build | Farm |
| 17:20 | Queue | Villager (Male) |
| 17:25 | Queue | Skirmisher |
| 17:31 | Build | Farm |
| 17:32 | Queue | Villager (Male) |
| 17:45 | Research | Castle Age |
| 17:47 | Queue | Militia |
| 17:51 | Queue | Skirmisher |
| 18:12 | Queue | Skirmisher |
| 19:09 | Queue | Villager (Male) |
| 19:20 | Build | Barracks |
| 19:23 | Build | Palisade Wall |
| 19:39 | Build | Farm |
| 19:44 | Build | Stable |
| 19:45 | Research | Scale Barding Armor |
| 19:45 | Research | Forging |
| 20:26 | Age | Castle Age |
| 20:31 | Research | Chain Barding Armor |
| 20:42 | Queue | Villager (Male) |
| 20:45 | Research | Squires |
| 20:48 | Queue | Militia |
| 20:56 | Research | Elite Skirmisher (upgrade) |
| 20:59 | Research | Bodkin Arrow |
| 21:10 | Queue | Knight |
| 21:10 | Queue | Knight |
| 21:18 | Queue | Villager (Male) |
| 21:58 | Queue | Villager (Male) |
| 22:00 | Queue | Knight |
| 22:03 | Build | Stable |
| 22:07 | Queue | Villager (Male) |
| 22:29 | Queue | Knight |
| 22:35 | Build | Stable |
| 22:36 | Queue | Villager (Male) |
| 22:45 | Build | House |
| 22:48 | Build | Lumber Camp |
| 22:51 | Queue | Villager (Male) |
| 23:07 | Queue | Villager (Male) |
| 23:14 | Research | Husbandry |
| 23:32 | Queue | Knight |
| 23:58 | Queue | Villager (Male) |
| 24:07 | Build | Market |
| 24:08 | Queue | Villager (Male) |
| 24:09 | Queue | Villager (Male) |
| 24:14 | Queue | Knight |
| 24:20 | Queue | Knight |
| 24:52 | Queue | Villager (Male) |
| 24:58 | Queue | Villager (Male) |
| 25:07 | Build | Lumber Camp |
| 25:15 | Build | Town Center |
| 25:15 | Queue | Villager (Male) |
| 25:19 | Queue | Knight |
| 25:19 | Queue | Knight |
| 25:22 | Build | House |
| 25:23 | Queue | Villager (Male) |
| 25:38 | Queue | Camel Scout |
| 25:38 | Queue | Camel Scout |
| 25:43 | Build | Monastery |
| 25:44 | Queue | Villager (Male) |
| 26:04 | Research | Bloodlines |
| 26:05 | Queue | Camel Scout |
| 26:15 | Build | House |
| 26:17 | Build | House |
| 26:29 | Queue | Camel Scout |
| 26:33 | Queue | Monk |
| 26:34 | Build | Farm |
| 26:40 | Build | House |
| 26:48 | Queue | Camel Scout |
Match timeline
| 4:37 | J40 | Kylian dictador · first_building Barracks |
| 5:11 | Old Took · first_building Barracks |
| 8:55 | Old Took · wall_segment Palisade Wall x1 |
| 10:15 | Old Took · age_up feudal |
| 10:49 | Old Took · wall_segment Palisade Wall x1 |
| 10:51 | J40 | Kylian dictador · age_up feudal |
| 10:52 | J40 | Kylian dictador · first_building Archery Range |
| 11:50 | J40 | Kylian dictador · wall_segment Palisade Wall x1 |
| 11:52 | J40 | Kylian dictador · wall_segment Palisade Wall x2 |
| 11:54 | J40 | Kylian dictador · wall_segment Palisade Wall x1 |
| 12:19 | J40 | Kylian dictador · wall_segment Palisade Wall x1 |
| 12:21 | J40 | Kylian dictador · wall_segment Palisade Wall x1 |
| 12:27 | Old Took · first_building Archery Range |
| 12:29 | J40 | Kylian dictador · wall_segment Palisade Wall x1 |
| 12:33 | J40 | Kylian dictador · wall_segment Palisade Wall x1 |
| 13:31 | J40 | Kylian dictador · wall_segment Palisade Wall x1 |
| 13:32 | J40 | Kylian dictador · wall_segment Palisade Wall x1 |
| 13:34 | J40 | Kylian dictador · wall_segment Palisade Wall x1 |
| 13:37 | J40 | Kylian dictador · wall_segment Palisade Wall x1 |
| 13:38 | J40 | Kylian dictador · wall_segment Palisade Wall x1 |
| 13:40 | J40 | Kylian dictador · wall_segment Palisade Wall x1 |
| 16:40 | J40 | Kylian dictador · wall_segment Palisade Wall x3 |
| 16:41 | J40 | Kylian dictador · wall_segment Palisade Wall x1 |
| 16:43 | J40 | Kylian dictador · wall_segment Palisade Wall x6 |
| 16:54 | J40 | Kylian dictador · wall_segment Palisade Wall x1 |
| 16:57 | J40 | Kylian dictador · wall_segment Palisade Wall x5 |
| 17:39 | J40 | Kylian dictador · wall_segment Palisade Wall x7 |
| 17:43 | J40 | Kylian dictador · wall_segment Palisade Wall x1 |
| 19:23 | Old Took · wall_segment Palisade Wall x1 |
| 19:44 | Old Took · first_building Stable |
| 20:26 | Old Took · age_up castle |
| 20:53 | J40 | Kylian dictador · wall_segment Palisade Wall x1 |
| 21:12 | J40 | Kylian dictador · first_building Stable |
| 23:31 | J40 | Kylian dictador · age_up castle |
| 25:43 | Old Took · first_building Monastery |
| 25:57 | Old Took · first_market_sell 100 wood |
| 27:47 | J40 | Kylian dictador · first_market_sell 100 food |
| 30:26 | J40 | Kylian dictador · first_building Monastery |
| 30:54 | Old Took · first_market_buy 100 food |
| 34:03 | J40 | Kylian dictador · wall_segment Palisade Wall x1 |
| 35:01 | Old Took · first_building Castle |
| 40:25 | J40 | Kylian dictador · first_building Castle |
| 41:36 | J40 | Kylian dictador · first_market_buy 100 stone |
| 42:38 | Old Took · age_up imperial |
| 42:53 | J40 | Kylian dictador · resign |
[ AI ANALYSIS · 1 CREDIT ]
What really happened in this match?
Wolo.gg analyzes every decision: build order, eco, micro, common mistakes by bracket. Personalized analysis on WhatsApp or Discord in 30 seconds.
Civ guide
Sicilians
Perfil
Jugador #1343964